 Dungeon Crawl Stone Soup version 0.14-a0-1361-g0512ea0 (webtiles) character file.

692 4tharraofdagon the Basher (level 7, -3/76 HPs)
             Began as an Ogre Berserker on Dec 7, 2013.
             Was a Believer of Trog.
             Slain by a hog (13 damage)
             ... on Level 7 of the Dungeon.
             The game lasted 00:04:21 (987 turns).

4tharraofdagon the Basher (Ogre Berserker)           Turns: 987, Time: 00:04:22

HP  -3/76        AC  3     Str 25      XL: 7   Next: 45%
MP   7/7         EV 10     Int  6      God: Trog [**....]
Gold 74          SH  0     Dex  9      Spells:  0 memorised,  6 levels left

rFire  . . .     SeeInvis .     q - +0,+1 orc morningstar
rCold  . . .     Clarity  .     o - +0 orc robe
rNeg   . . .     Conserve .     (shield restricted)
rPois  .         rCorr    .     (helmet restricted)
rElec  .         rRot     .     (no cloak)
SustAb . .       Spirit   .     (gloves unavailable)
rMut   .         Warding  .     (boots unavailable)
Saprov + . .     Stasis   .     (no amulet)
                                (no ring)
                                p - cursed ring of hunger

@: regenerating, very resistant to hostile enchantments, very unstealthy
A: unfitting armour, fast metabolism 1, saprovore 1, tough skin 1
a: Burn Spellbooks, Berserk, Trog's Hand, Renounce Religion


You were on level 7 of the Dungeon.
You worshipped Trog.
Trog was pleased with you.
You were not hungry.

You visited 1 branch of the dungeon, and saw 7 of its levels.

You collected 74 gold pieces.

Inventory:

Hand weapons
 a - a +0,+0 mace
 j - a +1,+1 orcish flail of draining
 q - a +0,+1 orcish morningstar (weapon)
 r - a cursed -1,-2 giant club
Armour
 b - a +0 animal skin
 o - a +0 orcish robe (worn)
Magical devices
 i - a wand of fire (0)
 n - a wand of digging (12)
Comestibles
 c - 2 meat rations
Scrolls
 e - a scroll of remove curse {unknown}
 g - 2 scrolls of teleportation {unknown}
 k - 3 scrolls of immolation {unknown}
 m - a scroll of recharging {unknown}
 s - 3 scrolls of identify {unknown}
Jewellery
 p - a cursed ring of hunger (left hand)
Potions
 d - a potion of restore abilities {unknown}
 f - a potion of heal wounds {unknown}
 h - a potion of lignification {unknown}
 l - 3 potions of curing {unknown}
 t - a potion of porridge


   Skills:
 + Level 6.5 Fighting
 * Level 8.1 Maces & Flails
 + Level 3.0 Armour
 - Level 2.9 Dodging
 + Level 0.0 Evocations


You had 6 spell levels left.
You didn't know any spells.

Dungeon Overview and Level Annotations

Branches:
Dungeon (7/16)
 Temple: D:4-7

Altars:
Cheibriados
Xom


Innate Abilities, Weirdness & Mutations

You are too large for most types of armour.
You have a fast metabolism.
You can tolerate rotten meat.
You have tough skin (AC +1).


Message History

You're too hungry to go berserk.
Unknown command.
Eat which item? (? for menu, Esc to quit)
The hog bites you.
* * * LOW HITPOINT WARNING * * *
You continue eating.
The hog bites you.
* * * LOW HITPOINT WARNING * * *
You continue eating.
The hog barely misses you. The hog bites you!
* * * LOW HITPOINT WARNING * * *
You continue eating.
The hog bites you.
* * * LOW HITPOINT WARNING * * *
You finish eating.
That meat ration really hit the spot!
Unknown command.
Unknown command.
Unknown command.
The hog bites you!
You die...

###.###..)..##.##.....
#.#....#.##.....
#[##...#........
#######
#[##........#.(..
#%%#..#
#.......<........
#%.#./#
#.#####...#.####.
#..YY.# #.# ##.##
#..#..# #.# #(#
#@.#..# #@# #.# ##'##
#h# ..# #...######Y#
..# ##...Y@....# ..#
########### #..


You could see a hog and a sheep.

Vanquished Creatures
  Purgy (D:3)
  A black bear (D:6)
  A phantom (D:6)
  An ogre (D:6)
  Blork the orc (D:6)
  2 crimson imps
  A worker ant (D:6)
  2 orc wizards (D:6)
  Jessica (D:3)
  An adder (D:6)
  A giant gecko (D:3)
  8 orcs
  4 hobgoblins
  8 jackals (D:1)
  A quokka (D:3)
  3 bats
  3 goblins
  2 kobolds
  A kobold skeleton (D:7)
  4 rats
47 creatures vanquished.

Notes
Turn   | Place    | Note
--------------------------------------------------------------
     0 | D:1      | 4tharraofdagon, the Ogre Berserker, began the quest for the Orb.
     0 | D:1      | Reached XP level 1. HP: 24/24 MP: 1/1
    97 | D:1      | Reached XP level 2. HP: 10/32 MP: 2/2
   241 | D:2      | Found a shimmering altar of Xom.
   242 | D:2      | Found a snail-covered altar of Cheibriados.
   316 | D:3      | Noticed Purgy
   325 | D:3      | Killed Purgy
   325 | D:3      | Reached skill level 5 in Fighting
   325 | D:3      | Reached skill level 5 in Maces & Flails
   325 | D:3      | Reached skill level 1 in Armour
   325 | D:3      | Reached XP level 3. HP: 20/42 MP: 3/3
   325 | D:3      | Reached XP level 4. HP: 23/50 MP: 4/4
   355 | D:3      | Acquired Trog's second power
   379 | D:3      | Reached XP level 5. HP: 35/57 MP: 5/5
   473 | D:3      | Noticed Jessica
   486 | D:3      | Killed Jessica
   486 | D:3      | Reached skill level 6 in Maces & Flails
   551 | D:5      | Entered Level 5 of the Dungeon
   626 | D:6      | Noticed Blork the orc
   638 | D:6      | Killed Blork the orc
   638 | D:6      | Reached XP level 6. HP: 51/66 MP: 6/6
   805 | D:6      | Noticed a phantom
   808 | D:6      | Noticed an ogre
   826 | D:6      | Killed a phantom
   826 | D:6      | Reached skill level 7 in Maces & Flails
   829 | D:6      | Killed an ogre
   829 | D:6      | Reached XP level 7. HP: 63/75 MP: 7/7
   866 | D:6      | Reached skill level 8 in Maces & Flails
   968 | D:7      | Noticed a hog
   968 | D:7      | Noticed a yak
   987 | D:7      | Slain by a hog

Action                   |  1- 3 |  4- 6 |  7- 9 || total
-------------------------+-------+-------+-------++-------
Melee: Mace              |    41 |    15 |       ||    56
       Flail             |       |    31 |       ||    31
       Morningstar       |       |    16 |    16 ||    32
Invok: Berserk           |     2 |     4 |     1 ||     7
       Trog's Hand       |       |     1 |     2 ||     3
Evoke: Wand              |       |       |     2 ||     2
